 Dungeon Crawl Stone Soup version 0.16.1-2-g95b8d4c (webtiles) character file.

32 Antunes the Bolt Thrower (level 3, 0/22 HPs)
             Began as a Gargoyle Hunter on Mar 24, 2015.
             Slain by a phantom (1 damage)
             ... on level 4 of the Dungeon.
             The game lasted 00:07:46 (1327 turns).

Antunes the Bolt Thrower (Gargoyle Hunter)          Turns: 1327, Time: 00:07:46

Health: 0/22       AC: 11    Str: 15    XL:     3   Next: 27%
Magic:  3/3        EV: 17    Int: 12    God:
Gold:   85         SH:  0    Dex: 15    Spells: 0 memorised, 2 levels left

rFire  . . .     SeeInvis .     g - +0 quarterstaff (protect)
rCold  . . .     Clarity  .     d - +0 leather armour
rNeg   + . .     SustAb   .     (no shield)
rPois  ∞         Gourm    .     (no helmet)
rElec  +         Spirit   .     (no cloak)
rCorr  .         Warding  .     (no gloves)
rMut   .         Stasis   .     (no boots)
MR     .....                    (no amulet)
Stlth  +++.......               (no ring)
                                (no ring)

@: agile, not resistant to hostile enchantments, fairly stealthy
A: negative energy resistance 1, electricity resistance, unbreathing,
petrification resistance, rot immunity, AC +3
a: no special abilities


You were on level 4 of the Dungeon.
You were not hungry.

You visited 1 branch of the dungeon, and saw 5 of its levels.

You collected 85 gold pieces.


Innate Abilities, Weirdness & Mutations

You are resistant to torment.
You are immune to poison.
Your stone body is very resilient (AC +3).
You resist negative energy.
You are resistant to electric shocks.
You can survive without breathing.
You are immune to petrification.
You are immune to rotting.


   Skills:
 * Level 2.5 Fighting
 + Level 0.1 Short Blades
 + Level 4.2 Crossbows
 * Level 1.2 Armour
 + Level 1.9 Dodging
 * Level 1.3 Stealth
 * Level 0.3 Spellcasting


You had 2 spell levels left.
You didn't know any spells.

Dungeon Overview and Level Annotations

Branches:
Dungeon (5/15)             Temple (0/1) D:4

Altars:
Elyvilon

Inventory:

Hand weapons
 a - a +0 short sword
 b - a +1 hand crossbow
 g - a +0 quarterstaff of protection (weapon)
   (You found it on level 4 of the Dungeon)
Missiles
 c - 18 bolts
 e - 40 stones (quivered)
Armour
 d - a +0 leather armour (worn)
Jewellery
 s - an uncursed ring of ice {unknown}
   (You found it on level 4 of the Dungeon)
Scrolls
 h - a scroll of identify {unknown}
 j - a scroll of magic mapping {unknown}
 n - a scroll of enchant weapon {unknown}
 o - a scroll of blinking {unknown}
 q - a scroll of immolation {unknown}
Potions
 k - a potion of mutation {unknown}
 l - a potion of ambrosia {unknown}
 m - a potion of agility
 p - a potion of might {unknown}
Comestibles
 f - 2 bread rations
 i - a meat ration
 r - a chunk of flesh

.### #.... #.#(# ##
..... #.#.##### #. .
... #.#.(...# #.####.#.
#.#.###.# #.#.###..
#.#.# #.# #...#_#..
#.#(# #.# #..#'#..
#.#W# #.# #.......
#####.@.###.#####.##...
#......................
#.......###.##.##.#..#.
#..#.<... #.##.##.#..##
#....#.##.#....##.#<.##
#......# .####....#..##
......# # ######..#
.....# #..## .... ...##


You could see a phantom.


Message History

The orc throws a tomahawk.
The tomahawk misses you. The orc hits you.
A phantom comes into view.
You closely miss the orc. The orc hits you but does no damage.
You hit the orc.
The orc is moderately wounded.
The orc closely misses you.
You barely miss the orc.
The orc is moderately wounded.
The phantom blinks!
The orc barely misses you.
You hit the orc.
You kill the orc!
The phantom hits you but does no damage.
You hit the phantom but do no damage. The phantom barely misses you.
You hit the phantom but do no damage. The phantom closely misses you.
You hit the phantom.
The phantom is lightly damaged.
The phantom hits you. The phantom hits you!
You closely miss the phantom.
The phantom is lightly damaged.
The phantom barely misses you.
Things that are here:
3 tomahawks; an orc corpse Drink which item? (? for menu, Esc to quit)
It was a potion of agility.
You feel agile all of a sudden. The phantom misses you.
You hit the phantom but do no damage.
The phantom is lightly damaged.
The phantom misses you.
You hit the phantom.
The phantom is lightly damaged.
The phantom misses you.
Wield which item (- for none, * to show all)? (? for menu, Esc to quit)
You feel protected!
g - a +0 quarterstaff of protection (weapon)
You hit the phantom!
The phantom is moderately damaged.
The phantom hits you but does no damage. x2
You barely miss the phantom.
The phantom is moderately damaged.
The phantom hits you!
* * * LOW HITPOINT WARNING * * *
You barely miss the phantom.
The phantom is moderately damaged.
The phantom barely misses you.
You completely miss the phantom.
The phantom is moderately damaged.
The phantom hits you.
You die...

Action                   || total
-------------------------++-------
Melee: Short sword       ||   109
       Quarterstaff      ||     4
 Fire: Hand crossbow     ||     9
  Use: Potion            ||     1
  Eat: Chunk             ||     1

Vault maps used:
D:1:      dpeg_arrival_boxes_within_box
D:2:      uniq_robin
D:3:      lemuel_round_altar, okawaru_gym_becter, first_bread, trog_wizard
D:4:      minitemple, kennysheep_mini, temple_pool_a, hangedman_decor_growths
D:5:      nemelex_deck, nicolae_elemental_shop

Notes
Turn   | Place    | Note
--------------------------------------------------------------
     0 | D:1      | Antunes, the Gargoyle Hunter, began the quest for the Orb.
     0 | D:1      | Reached XP level 1. HP: 12/12 MP: 1/1
   251 | D:1      | Reached XP level 2. HP: 16/18 MP: 2/2
  1105 | D:5      | Entered Level 5 of the Dungeon
  1132 | D:4      | Reached XP level 3. HP: 22/22 MP: 3/3
  1200 | D:4      | Found a staircase to the Ecumenical Temple.
  1277 | D:4      | Found a white marble altar of Elyvilon.
  1297 | D:4      | Reached skill level 1 in Armour
  1309 | D:4      | Noticed a phantom
  1323 | D:4      | HP: 1/22 [phantom (7)]
  1327 | D:4      | Slain by a phantom

Vanquished Creatures
  An ooze (D:1)
  An orc (D:4)
  3 giant cockroaches (D:4)
  4 goblins (D:1 D:3 D:4)
  A hobgoblin (D:1)
  4 kobolds (D:1 D:3)
  A ball python (D:1)
  7 bats (D:1 D:4)
  A giant newt (D:1)
  5 rats (D:1 D:3 D:4)
28 creatures vanquished.

Vault maps used:
D:1:      dpeg_arrival_boxes_within_box
D:2:      uniq_robin
D:3:      lemuel_round_altar, okawaru_gym_becter, first_bread, trog_wizard
D:4:      minitemple, kennysheep_mini, temple_pool_a, hangedman_decor_growths
D:5:      nemelex_deck, nicolae_elemental_shop

Table legend:
 A = Turns spent in this place as a percentage of turns spent in the entire game.
 B = Non-inter-level travel turns spent in this place as a percentage of non-inter-level travel turns spent in the entire game.
 C = Inter-level travel turns spent in this place as a percentage of turns spent in this place.
 D = Turns resting spent in this place as a percentage of non-inter-level travel turns spent in this place.
 E = Turns spent auto-exploring this place as a percentage of non-inter-level travel turns spent in this place.
 F = Non-inter-level travel turns spent in this place divided by the number of levels of this place that you've seen.
                   A       B       C       D       E      F
               +-------+-------+-------+-------+-------+----------------------
         Total | 100.0 | 100.0 |   0.2 |   0.0 |   7.5 |  96.0
       Dungeon | 100.0 | 100.0 |   0.2 |   0.0 |   7.5 |  96.0
               +-------+-------+-------+-------+-------+----------------------

Table legend:
 A = Kills in this place as a percentage of kills in entire the game.
 B = Kills by you in this place as a percentage of kills by you in the entire game.
 C = Kills by friends in this place as a percentage of kills by friends in the entire game.
 D = Other kills in this place as a percentage of other kills in the entire game.
 E = Experience gained in this place as a percentage of experience gained in the entire game.
 F = Experience gained in this place divided by the number of levels of this place that you have seen.
                   A       B       C       D       E      F
               +-------+-------+-------+-------+-------+----------------------
         Total | 100.0 | 100.0 |  -nan |  -nan | 100.0 |   9.4
       Dungeon | 100.0 | 100.0 |  -nan |  -nan | 100.0 |   9.4
               +-------+-------+-------+-------+-------+----------------------
